 Dungeon Crawl Stone Soup version 0.19.0-19-g8c6edcc (webtiles) character file.

36 Haldmier the Slasher (level 3, -2/24 HPs)
             Began as a High Elf Skald on Nov 13, 2016.
             Slain by a worm (10 damage)
             ... on level 2 of the Dungeon.
             The game lasted 00:04:27 (1517 turns).

Haldmier the Slasher (High Elf Skald)               Turns: 1517, Time: 00:04:28

Health: -2/24      AC:  3    Str: 12    XL:     3   Next: 19%
Magic:  0/7        EV: 11    Int: 16    God:
Gold:   49         SH:  0    Dex: 14    Spells: 2 memorised, 3 levels left

rFire  . . .     SeeInvis .     a - +0 falchion
rCold  . . .     Gourm    .     b - +0 leather armour
rNeg   . . .     Faith    .     (no shield)
rPois  .         Spirit   .     (no helmet)
rElec  .         Reflect  .     (no cloak)
rCorr  .         Harm     .     (no gloves)
MR     .....                    (no boots)
Stlth  +.........               (no amulet)
                                (no ring)
                                (no ring)

@: infused
A: no striking features
a: no special abilities


You were on level 2 of the Dungeon.
You were not hungry.

You visited 1 branch of the dungeon, and saw 2 of its levels.

You collected 49 gold pieces.

Inventory:

Hand Weapons
 a - a +0 falchion (weapon)
Missiles
 g - 69 stones
 n - 7 javelins (quivered)
Armour
 b - a +0 leather armour (worn)
 e - a +0 ring mail
Scrolls
 h - a scroll of fear {unknown}
 k - 3 scrolls of noise {unknown}
 l - a scroll of identify {unknown}
Potions
 f - 2 potions of magic {unknown}
 m - a potion of agility {unknown}
Books
 c - a book of Battle

   Spells                             Type                      Level
   a - Infusion                       Charms                       1
   b - Shroud of Golubria             Charms/Translocation         2
   c - Song of Slaying                Charms                       2
   d - Spectral Weapon                Hexes/Charms                 3
   e - Regeneration                   Charms/Necromancy            3
Comestibles
 d - a bread ration
 j - 2 beef jerkies


   Skills:
 - Level 2.0 Fighting
 + Level 4.1 Long Blades
 - Level 0.8 Armour
 - Level 1.1 Dodging
 + Level 0.5 Stealth
 - Level 2.4 Spellcasting
 - Level 3.6 Charms
 + Level 1.0 Translocations


You had 3 spell levels left.
You knew the following spells:

 Your Spells              Type           Power        Failure   Level  Hunger
a - Infusion              Chrm           ##..         8%          1    #......
b - Shroud of Golubria    Chrm/Tloc      #.........   17%         2    ###....


Dungeon Overview and Level Annotations

Branches:
Dungeon (2/15)

Altars:
Trog


Message History

Your shroud bends the worm's attack away!
There is a stone staircase leading up here.
You hit the worm!
The worm is moderately wounded.
You barely miss the worm.
The worm is moderately wounded.
The worm bites you!
Your shroud falls apart!
You hit the worm.
The worm is severely wounded.
The worm bites you!
* * * LOW HITPOINT WARNING * * *
There is a stone staircase leading up here.
Casting: Infusion
Confirm with . or Enter, or press ? or * to list all spells.
Space distorts slightly along a thin shroud covering your body.
You hit the worm!
The worm is almost dead.
The worm bites you!
You die...

.....###. #....#?..
#......###
####...#....# #.
......... #. ###.
#....[# ..
#.##...##.....##...
#........w@........
#..!....<##....$...
#........)...###...
.......#.#####
...._#.#.# ...?
#...# ......#....#
.........#..#
......##.?.....


You could see a worm.

Vanquished Creatures
  3 dart slugs (D:1)
  2 giant cockroaches (D:1)
  4 goblins
  5 hobgoblins (D:1)
  4 bats
  A frilled lizard (D:1)
  4 kobolds (D:1)
  8 rats (D:1)
31 creatures vanquished.

Notes
Turn   | Place    | Note
-------+----------+-------------------------------------------
     0 | D:1      | Haldmier the High Elf Skald began the quest for the Orb.
     0 | D:1      | Reached XP level 1. HP: 14/14 MP: 4/4
    66 | D:1      | Reached skill level 3 in Long Blades
   305 | D:1      | Reached XP level 2. HP: 19/19 MP: 0/6
   661 | D:1      | Reached skill level 4 in Long Blades
   692 | D:1      | Learned a level 2 spell: Shroud of Golubria
   926 | D:1      | Reached XP level 3. HP: 21/24 MP: 7/7
  1222 | D:2      | Found a bloodstained altar of Trog.
  1243 | D:2      | Reached skill level 1 in Translocations
  1517 | D:2      | Slain by a worm

Skill      XL: |  1  2  3 |
---------------+----------+-----
Long Blades    | 3 4 |  4.1
Translocations | 1 |  1.0
Fighting       | |  2.0
Armour         | |  0.8
Dodging        | |  1.1
Stealth        | |  0.5
Spellcasting   | |  2.4
Charms         | |  3.6

Action                   || total
-------------------------++-------
Melee: Falchion          ||    85
 Cast: Infusion          ||    11
       Shroud of Golubri ||     3
  Eat: Chunk             ||     2
Armor: Leather armour    ||    18
Dodge: Dodged            ||    50
       Rpst.: Falchion   ||    19
